 Dungeon Crawl Stone Soup version 0.27-a0-277-g024f7ef292 (webtiles) character file.

Game seed: 5005088438347675065

3071 runemasterragnar the Slasher (level 9, -3/91 HPs)
             Began as an Octopode Fighter on Feb 7, 2021.
             Was a Follower of Vehumet.
             Slain by a killer bee (4 damage)
             ... on level 8 of the Dungeon.
             The game lasted 00:14:03 (8499 turns).

runemasterragnar the Slasher (Octopode Fighter)     Turns: 8499, Time: 00:14:03

Health: -3/91      AC:  5    Str: 15    XL:     9   Next: 88%
Magic:  9/9        EV: 13    Int: 13    God:    Vehumet [*.....]
Gold:   515        SH: 14    Dex: 12    Spells: 4/8 levels left

rFire    . . .     SeeInvis .   a - +0 long sword
rCold    . . .     Faith    .   b - +0 kite shield
rNeg     . . .     Spirit   .   z - +0 hat
rPois    +         Reflect  +   g - amulet of reflection
rElec    .         Harm     .   i - +4 ring of protection
rCorr    .         Rampage  .   v - ring of poison resistance
Will     .....                  (no ring)
Stlth    ..........             (no ring)
HPRegen  0.25/turn              (no ring)
MPRegen  0.11/turn              (no ring)
                                (no ring)
                                (no ring)

@: berserking, lethally poisoned (-3 -> -4), slowed
A: almost no armour, stealthy swim, amphibious, 8 rings, constrict 8, camouflage
1, gelatinous body 1
a: Renounce Religion


You were on level 8 of the Dungeon.
You worshipped Vehumet.
Vehumet was aware of your devotion.
You visited 2 branches of the dungeon, and saw 9 of its levels.

You collected 515 gold pieces.

Inventory:

Hand Weapons
 a - a +0 long sword (weapon)
Missiles
 m - 11 poisoned darts (quivered)
Armour
 b - a +0 kite shield (worn)
 z - a +0 hat (worn)
Jewellery
 g - an amulet of reflection (around mantle)
 i - a +4 ring of protection (left tentacle)
 v - a ring of poison resistance (right tentacle)
 x - an uncursed ring of teleportation
Wands
 c - a wand of random effects (10)
 e - a wand of acid (7)
 y - a wand of paralysis (13)
Scrolls
 d - a scroll of immolation {unknown}
 h - 2 scrolls of random uselessness
 j - 2 scrolls of blinking {unknown}
 l - 2 scrolls of enchant armour {unknown}
 n - 6 scrolls of teleportation
 o - 5 scrolls of remove curse
 r - 3 scrolls of amnesia {unknown}
 s - 2 scrolls of magic mapping {unknown}
Potions
 f - a potion of cancellation
 k - 2 potions of haste
 p - a potion of magic
 q - a potion of might
 t - 4 potions of curing
 w - a potion of flight


   Skills:
 + Level 5.4 Fighting
 * Level 6.6 Long Blades
 * Level 6.0 Throwing
 + Level 5.3 Dodging
 + Level 6.2 Stealth
 + Level 5.4 Shields
 + Level 4.2 Unarmed Combat


You had 4 spell levels left.
You knew the following spells:

 Your Spells              Type           Power        Failure   Level
a - Call Imp              Summ           0%           85%         2
b - Blink                 Tloc           N/A          85%         2

Your spell library contained the following spells:

 Spells                   Type           Power        Failure   Level
 Foxfire                  Conj/Fire      0%           71%         1
 Magic Dart               Conj           0%           71%         1
 Searing Ray              Conj           0%           85%         2
 Slow                     Hex            0%           85%         2
 Conjure Flame            Conj/Fire      0%           97%         3
 Dazzling Flash           Conj/Hex       0%           97%         3
 Mephitic Cloud           Conj/Pois/Air  0%           97%         3
 Fulminant Prism          Conj/Hex       0%           100%        4
 Iskenderun's Mystic Bla  Conj/Tloc      0%           100%        4
 Bolt of Magma            Conj/Fire/Erth 0%           100%        5
 Iskenderun's Battlesphe  Conj           0%           100%        5
 Iron Shot                Conj/Erth      0%           100%        6
 Orb of Destruction       Conj           0%           100%        7
 Spellforged Servitor     Conj/Summ      0%           100%        7


Dungeon Overview and Level Annotations

Branches:
Dungeon (8/15)             Temple (1/1) D:4
   Lair: D:8-11

Altars:
Ashenzari
Cheibriados
Dithmenos
Elyvilon
Fedhas
Gozag
Hepliaklqana
Kikubaaqudgha
Makhleb
Nemelex Xobeh
Okawaru
Sif Muna
Trog
Vehumet
Wu Jian
Xom
Yredelemnul
The Shining One

Shops:
D:7 (

Annotations:
D:3 3 runed translucent doors, siradein's ghost, amateur DsFi
D:8 Erica


Innate Abilities, Weirdness & Mutations

You cannot wear most types of armour.
You are very stealthy in the water. (Stealth+)
You are amphibious.
You can wear up to eight rings at the same time.
You can use your tentacles to constrict eight enemies at once.
Your skin changes colour to match your surroundings (Stealth+).
Your rubbery body absorbs attacks. (AC +1, EV +1)


Message History

The killer bee stings you but does no damage.
You slash the killer bee!
You kill the killer bee!
Vehumet accepts your kill.
You constrict the killer bee!
You feel sick. You block the killer bee's attack. x2
The killer bee misses you. You block the killer bee's attack.
You hear some strange, mumbled words.
Something tries to affect you, but you resist.
Your Throwing skill increases to level 6!
You slice the killer bee!!
You kill the killer bee!
Vehumet accepts your kill.
You feel sick. You block the killer bee's attack. The killer bee stings you.
* * * LOW HITPOINT WARNING * * *
Something hits you.
* * * LOW HITPOINT WARNING * * *
Something burns you.
* * * LOW HITPOINT WARNING * * *
The killer bee stings you.
You die...

...#..........# #........
>..######.....# ....#.......^
........#.....# ....#........
##'##...#.....+ #....>#........
...##...#.....#+###.....#........
........#...............#........
...##...#...............#........
...##...#......{.†......#........
........#.......@.(.....#........
........#........y......#........
........#...............'........
........#...............#........
........########+##.....#.....<..
..###...##...#....+.....#..[..>..
..###...##...#....#.....#........
...'.........#....###'###........
...#.........#.....#.............


You could see a killer bee.

Vanquished Creatures
  Psyche (D:8)
  Grinder (D:5)
  An ice beast (D:6)
  An orc warrior (D:6)
  2 sky beasts
  7 ogres
  A phantom (D:7)
  Blork the orc (D:5)
  2 killer bees (D:8)
  3 wights (D:7)
  5 howler monkeys
  2 bullfrog zombies (D:7)
  3 hounds
  A quasit (D:5)
  3 jellies
  6 orc priests
  3 iguanas
  5 orc wizards
  5 worker ants
  A killer bee zombie (D:7)
  3 hound skeletons
  3 gnolls (D:3)
  11 adders
  3 white imps
  4 ufetubi
  2 oozes
  2 adder skeletons
  3 worms (D:3)
  The ghost of Sonofthefire the Sneak, a weakling OpDe (D:5)
  22 orcs
  7 bats
  2 giant cockroaches
  15 hobgoblins
  5 jackals
  7 kobolds
  2 quokkas (D:7)
  4 frilled lizards
  4 goblins
  A jackal skeleton (D:7)
  8 rats
163 creatures vanquished.

Vanquished Creatures (others)
  3 plants (D:4)
3 creatures vanquished.

Grand Total: 166 creatures vanquished

Notes
Turn   | Place    | Note
-------+----------+-------------------------------------------
     0 | D:1      | runemasterragnar the Octopode Fighter began the quest for
                  | the Orb.
     0 | D:1      | Reached XP level 1. HP: 16/16 MP: 1/1
   212 | D:1      | Reached XP level 2. HP: 16/21 MP: 2/2
   436 | D:1      | Reached skill level 1 in Stealth
   461 | D:1      | Reached XP level 3. HP: 24/26 MP: 3/3
  1078 | D:2      | Found a burning altar of Makhleb.
  1484 | D:3      | Reached skill level 1 in Unarmed Combat
  1528 | D:3      | Reached XP level 4. HP: 17/31 MP: 4/4
  1547 | D:3      | Reached skill level 1 in Throwing
  1549 | D:3      | Reached XP level 5. HP: 14/36 MP: 5/5
  1990 | D:3      | Found a runed translucent gate.
  1990 | D:3      | Found a runed translucent gate.
  1990 | D:3      | Found a runed translucent gate.
  1990 | D:3      | Noticed siradein's ghost (amateur DsFi)
  2526 | D:4      | Found a broken altar of Ashenzari.
  2617 | D:4      | Reached XP level 6. HP: 42/42 MP: 6/6
  2630 | D:4      | Found a staircase to the Ecumenical Temple.
  2650 | D:4      | Found a broken altar of Ashenzari.
  2655 | Temple   | Entered the Ecumenical Temple
  2929 | Temple   | Became a worshipper of Vehumet
  2933 | Temple   | Learned a level 2 spell: Call Imp
  2936 | Temple   | Learned a level 2 spell: Blink
  2953 | D:4      | Found a white marble altar of Elyvilon.
  3310 | D:4      | Found an ornate altar of the Wu Jian Council.
  3676 | D:5      | Entered Level 5 of the Dungeon
  3696 | D:5      | Reached XP level 7. HP: 47/47 MP: 7/7
  3771 | D:5      | Found a basalt altar of Yredelemnul.
  3913 | D:5      | Found a shimmering altar of Xom.
  3914 | D:5      | Found a hazy altar of Hepliaklqana.
  3915 | D:5      | Noticed a spectral ugly thing
  3915 | D:5      | Noticed a tentacled monstrosity
  3926 | D:5      | Noticed Blork the orc
  3934 | D:5      | Killed Blork the orc
  4078 | D:5      | You fall into a shaft and drop 1 floor!
  4278 | D:5      | Noticed Grinder
  4561 | D:5      | Paralysed by Grinder for 6 turns
  4571 | D:5      | Killed Grinder
  4572 | D:5      | Reached XP level 8. HP: 24/54 MP: 8/8
  5007 | D:5      | Found a large runed translucent door.
  5007 | D:5      | Found a large runed translucent door.
  5011 | D:5      | Noticed Sonofthefire's ghost (weakling OpDe)
  5361 | D:5      | Killed Sonofthefire's ghost
  5546 | D:5      | Reached skill level 5 in Long Blades
  6273 | D:6      | Reached skill level 5 in Stealth
  6489 | D:6      | Reached XP level 9. HP: 47/59 MP: 9/9
  6767 | D:6      | Reached * piety under Vehumet
  6767 | D:6      | Offered knowledge of Freeze by Vehumet.
  7069 | D:7      | Reached skill level 5 in Throwing
  7078 | D:7      | Reached skill level 5 in Shields
  7135 | D:7      | Found Gisaph's Weapon Boutique.
  7135 | D:7      | Found a sparkling altar of Nemelex Xobeh.
  7232 | D:7      | Found a shimmering altar of Xom.
  7345 | D:7      | Reached skill level 5 in Fighting
  7345 | D:7      | Reached skill level 5 in Dodging
  7358 | D:7      | Found an ancient bone altar of Kikubaaqudgha.
  8256 | D:8      | Noticed Psyche
  8266 | D:8      | Killed Psyche
  8399 | D:8      | Offered knowledge of Foxfire by Vehumet.
  8450 | D:8      | Noticed Erica
  8499 | D:8      | HP: 3/91 [something (3)]
  8499 | D:8      | HP: 1/91 [something (2)]
  8499 | D:8      | Slain by a killer bee

Illustrated notes

Levels and vault maps discovered:
D:1:      lightli_arrival_boilingwater, layout_basic, grunt_decor_arrowhead
D:2:      layout_rooms, hangedman_decor_points, bloody_makhleb
D:3:      layout_basic, gammafunk_ghost_necromancy, minmay_misc_feat_nine_boxes
D:4:      layout_cave_pools, nzn_wu_jian_council_hall,
          chequers_temple_overflow_statue_of_worship,
          minmay_temple_entry_offerings, chequers_big_river,
          evilmike_ruin_ashenzari
D:5:      layout_basic, regret_index_temple_of_mockery, general_overflow_altar,
          ebering_ghost_disaster_area, minmay_holes, uniq_blork_the_orc,
          uniq_grinder
D:6:      layout_gridville, grunt_ministairs_13, minmay_fractal_squares_5
D:7:      layout_basic, overflow_temple_1_default, lemuel_doored_altar,
          basic_altar, serial_shops, shop_coins, chequers_serial_rivers_large_a,
          chequers_arboretum, minmay_starry_boxes
D:8:      layout_gridville, kennysheep_mini_moat, uniq_psyche, uniq_maggie,
          uniq_erica
Temple:   nicolae_temple_figure_zero

Skill      XL: |  1  2  3  4  5  6  7  8  9 |
---------------+----------------------------+-----
Stealth        | 1 2 3 4 5 6 |  6.2
Unarmed Combat | 1 2 3 4 |  4.2
Long Blades    | 3 4 5 6 |  6.6
Throwing       | 1 2 3 4 6 |  6.0
Shields        | 4 5 |  5.4
Fighting       | 4 5 |  5.4
Dodging        | 4 5 |  5.3

Action                   |  1- 3 |  4- 6 |  7- 9 || total
-------------------------+-------+-------+-------++-------
Melee: Long sword        |    66 |    86 |   205 ||   357
       Constrict         |    18 |    29 |    49 ||    96
       Tentacles         |     6 |    25 |    43 ||    74
       Punch             |       |     2 |     3 ||     5
Throw: Dart              |       |    14 |    86 ||   100
Evoke: Wand              |       |       |     4 ||     4
  Use: Potion            |     2 |     2 |     3 ||     7
       Scroll            |       |     1 |     8 ||     9
 Stab: Sleeping          |     5 |     4 |     6 ||    15
       Distracted        |       |     1 |       ||     1
Armor: Skin              |    10 |    17 |    39 ||    66
Dodge: Dodged            |    29 |    31 |    69 ||   129
Block: Kite shield       |    34 |    40 |   184 ||   258
       Reflection        |       |     1 |     1 ||     2
       Rpst.: Long sword |    11 |     9 |    20 ||    40

Table legend: (Time is in decaauts)
 A = Elapsed time spent in this place.
 B = Non-inter-level travel time spent in this place.
 C = Inter-level travel time spent in this place.
 D = Time resting spent in this place.
 E = Time spent auto-exploring this place.
 F = Levels seen in this place.
 G = Mean time per level.
                   A        B        C        D        E       F      G
               +--------+--------+--------+--------+--------+-----+--------+
         Total |   8629 |   8419 |    210 |    573 |   6468 |   9 |  958.8 |
       Dungeon |   8352 |   8142 |    210 |    573 |   6212 |   8 | 1044.0 |
        Temple |    277 |    277 |      0 |      0 |    256 |   1 |  277.0 |
               +--------+--------+--------+--------+--------+-----+--------+

Top non-repeatable levels by time:
     D:6: 1834 daAuts
     D:5: 1603 daAuts
     D:7: 1178 daAuts
     D:1: 1065 daAuts
     D:4: 1058 daAuts
     D:3: 963 daAuts
     D:2: 366 daAuts
     D:8: 282 daAuts
  Temple: 277 daAuts
